 Dungeon Crawl Stone Soup version 0.26.1-11-gd32895ea62 (webtiles) character file.

Game seed: 13649223027764718210

28589 Shirokaze the Cleaver (level 13, -1/118 HPs)
             Began as a Palentonga Fighter on Apr 15, 2021.
             Was a Priest of Ashenzari.
             Slain by an orc warrior
             ... wielding a +0 glaive of holy wrath
             ... led by an orc knight
              (14 damage)
             ... on level 1 of the Orcish Mines on Apr 16, 2021.
             The game lasted 00:59:31 (12721 turns).

Shirokaze the Cleaver (Palentonga Fighter)         Turns: 12721, Time: 00:59:31

Health: -1/118     AC: 25    Str: 27    XL:     13   Next: 10%
Magic:  0/21       EV:  5    Int: 11    God:    Ashenzari [***...]
Gold:   1413       SH: 11    Dex: 10    Spells: 23/23 levels left

rFire    + . .     SeeInvis +   a - +3 war axe (curse)
rCold    . . .     Faith    .   c - +0 kite shield
rNeg     . . .     Spirit   +   B - +1 plate armour {rF+}
rPois    .         Reflect  .   t - +1 helmet (curse)
rElec    .         Harm     .   y - scarf {shadows}
rCorr    .         Rampage  .   x - +2 pair of gloves {Str+3} (curse)
Will     +....                  (no barding)
Stlth    ..........             r - amulet of guardian spirit (curse)
HPRegen  0.29/turn              q - ring of willpower
MPRegen  0.17/turn              m - +4 ring of slaying (curse)

@: curled up
A: large, rugged brown scales 3, see invisible, clever 1, deformed body,
evolution 1, subdued magic 1, roll 2, armoured tail, reflexive curl
a: Rolling Charge, Renounce Religion, Curse Item, Scrying


You were on level 1 of the Orcish Mines.
You worshipped Ashenzari.
Ashenzari was most pleased with you.
You visited 3 branches of the dungeon, and saw 15 of its levels.
You also visited: Ossuary.

You collected 1413 gold pieces.

Inventory:

Hand Weapons
 a - a cursed +3 war axe (weapon)
Armour
 c - a +0 kite shield (worn)
 t - a cursed +1 helmet (worn)
 x - a cursed +2 pair of gloves of strength (worn)
 y - a scarf of shadows (worn)
 B - a +1 plate armour of fire resistance (worn)
Jewellery
 b - an uncursed ring of protection from fire
 f - an uncursed ring of willpower
 g - an uncursed ring of protection from cold
 m - a cursed +4 ring of slaying (right hand)
 q - a ring of willpower (left hand)
 r - a cursed amulet of guardian spirit (around neck)
Wands
 e - a wand of paralysis (16)
 l - a wand of random effects (22)
 p - a wand of flame (45)
 s - a wand of disintegration (13)
 z - a wand of polymorph (10)
 A - a wand of acid (29)
Scrolls
 i - 4 scrolls of magic mapping
 u - 5 scrolls of teleportation
 w - a scroll of identify
Potions
 d - 4 potions of might
 h - a potion of invisibility
 k - 6 potions of curing
 n - a potion of heal wounds
 o - 4 potions of flight
 v - a potion of haste
 C - a potion of resistance
 D - a potion of mutation


   Skills:
 * Level 9.5 Fighting
 * Level 14.4(16.9) Axes
 * Level 8.5 Armour
 + Level 0.5 Dodging
 * Level 7.4 Shields
 * Level 5.9 Spellcasting
 + Level 0.1(0.3) Evocations


You had 23 spell levels left.
You didn't know any spells.
Your spell library contained the following spells:

 Spells                   Type           Power        Failure   Level
 Shock                    Conj/Air       4%           92%         1
 Swiftness                Air            1%           98%         2
 Static Discharge         Conj/Air       1%           100%        3
 Airstrike                Air            0%           100%        4
 Lightning Bolt           Conj/Air       0%           100%        5


Dungeon Overview and Level Annotations

Branches:
Dungeon (12/15)            Temple (1/1) D:6            Lair (0/6) D:9
    Orc (2/2) D:10        Ossuary (visited)
    Elf: Orc:2

Altars:
Ashenzari
Cheibriados
Fedhas
Gozag
Hepliaklqana
Kikubaaqudgha
Makhleb
Qazlal
Ru
Trog
Uskayaw
Vehumet
Wu Jian
Xom
Yredelemnul
Zin

Shops:
D:4 (   D:10 (   D:12 *

Portals:
Trove: D:10 (give 2 scrolls of acquirement)


Innate Abilities, Weirdness & Mutations

You are completely covered in rugged brown scales. (AC +3, +7% HP)
You have supernaturally acute eyesight. (SInv)
Armour fits poorly on your strangely shaped body.
You can roll at foes to attack.
You have a long armoured tail.
You curl defensively after being hit.
Your mind is acute. (Int +2)
You evolve.
Your spells are a little easier to cast, but a little less powerful.


Message History

You slash the orc warrior!
You kill the orc warrior!
The orc knight roars a battlecry!
The orcs go into a battle-frenzy!
The orc warrior throws a boomerang.
The boomerang hits you but does no damage.
The weapon returns to the orc warrior!
Your plate armour prevents you from hitting the orc knight.
The orc knight is severely wounded.
You hit the orc warrior.
The orc warrior hits you from afar with a +0 glaive of holy wrath!!
* * * LOW HITPOINT WARNING * * *
You block the orc warrior's attack.
You closely miss the orc knight.
The orc knight is severely wounded.
You slash the orc warrior!
As you read the scroll of fog, it crumbles to dust.
The scroll dissolves into smoke.
The orc warrior hits you from afar with a +0 glaive of holy wrath!!
You die...

,
*#####..#.###.###.........
,#.............#..........
** {
+............###....#....
*
,+........#...#.....####..
, ∆
#...O....##...##..###....
,
#.#...o..###).#.#...#....
*
#.....o..§.....##...#....
,*
#.#...§oo§..)>..##....#.#
, ,, *
#......o@§..))..###...###
* ,,
#.#....§§§§.....#.##### *
#.....o§....#......# *, ,
#.#.)[.....###....#### ,
,,#..÷)[......#......#.# ,
+...[......##....[#..# ,,
,
,+.)....#....#..#.#...###
,,,{
#)...####......##.<....##
, ,##....#
##.....#........#


You could see an orc knight, 4 orc warriors and an orc (strong).

Vanquished Creatures
  An orc warlord (Orc:2)
  The ghost of groll the Fighter, a journeyman MiBe of Trog (D:11)
  The ghost of Darold the Cleaver, a journeyman HOMo of Uskayaw (D:11)
  Erolcha (D:11)
  A boulder beetle (D:10)
  Fannar (Orc:1)
  The ghost of Domino the Cleaver, a novice MiBe of Trog (D:11)
  The ghost of Jaiteiro the Grappler, a novice MiFi of the Shining One (D:8)
  3 two-headed ogres
  A death knight (D:12)
  The ghost of wilfster70 the Frost Mage, a novice GnIE of Ashenzari (D:11)
  Urug (D:11)
  The ghost of ZZKoverts the Geomancer, a novice GnWn of Vehumet (D:8)
  2 unseen horrors
  An orc knight (D:10)
  An orc sorcerer (Orc:1)
  2 ugly things (D:12)
  2 cyclopes
  Joseph (D:9)
  Psyche (D:11)
  A kobold demonologist (D:9)
  5 trolls
  A wyvern (D:12)
  4 wraiths
  5 yaks
  2 steam dragons
  7 vampire mosquitoes
  4 wargs
  A water moccasin (D:7)
  18 orc warriors
  2 sky beasts
  2 phantoms
  2 necrophages
  12 ogres
  7 ice beasts
  3 centaurs
  19 big kobolds
  3 elf zombies
  9 bullfrogs
  3 scorpions
  4 killer bees (D:7)
  11 wights
  A howler monkey (D:9)
  2 bullfrog zombies (D:9)
  2 centaur zombies
  A quasit (D:11)
  6 hounds
  5 human zombies
  6 jellies
  5 bullfrog skeletons
  15 orc priests
  A gnoll shaman (D:7)
  17 orc wizards
  2 centaur skeletons
  Ijyb (D:4)
  An iguana (D:8)
  10 worker ants
  2 ogre skeletons (D:8)
  An ogre zombie (D:8)
  A hound zombie (D:5)
  2 hound skeletons
  6 mummies
  12 gnolls
  2 howler monkey skeletons
  10 adders
  A white imp (D:8)
  2 ufetubi
  2 oozes
  An adder zombie (D:7)
  2 adder skeletons
  2 worms (D:2)
  6 dart slugs
  6 leopard geckos
  53 orcs
  2 ball pythons
  9 bats
  7 giant cockroaches
  8 goblins
  6 hobgoblins
  12 jackals
  33 kobolds
  3 quokkas
  7 frilled lizards
  A goblin zombie (Ossuary)
  A hobgoblin zombie (Ossuary)
  2 jackal zombies (Ossuary)
  A kobold zombie (Ossuary)
  An orc zombie (Ossuary)
  A quokka skeleton (D:5)
  A quokka zombie (D:9)
  5 rats
  4 rat zombies
440 creatures vanquished.

Vanquished Creatures (others)
  8 fungi (D:6)
  10 plants
  6 withered plants (D:8)
24 creatures vanquished.

Grand Total: 464 creatures vanquished

Notes
Turn   | Place    | Note
-------+----------+-------------------------------------------
     0 | D:1      | Shirokaze the Palentonga Fighter began the quest for the
                  | Orb.
     0 | D:1      | Reached XP level 1. HP: 20/20 MP: 1/1
   137 | D:1      | Reached XP level 2. HP: 27/27 MP: 2/2
   716 | D:1      | Reached XP level 3. HP: 33/33 MP: 3/3
  1259 | D:2      | Found a radiant altar of Vehumet.
  1660 | D:2      | Reached XP level 4. HP: 40/40 MP: 4/4
  1739 | D:2      | Reached skill level 3 in Axes
  2183 | D:3      | Found a hazy altar of Hepliaklqana.
  2852 | D:3      | Reached XP level 5. HP: 48/48 MP: 5/5
  2901 | D:4      | Noticed an ogre
  2906 | D:4      | Killed an ogre
  2907 | D:4      | Reached skill level 4 in Axes
  2968 | D:4      | Reached XP level 6. HP: 31/55 MP: 6/6
  3168 | D:4      | Found Kiemitt's Antique Weapon Emporium.
  3290 | D:4      | Noticed Ijyb
  3300 | D:4      | Killed Ijyb
  3301 | D:4      | Reached skill level 5 in Axes
  3411 | D:5      | Entered Level 5 of the Dungeon
  3608 | D:5      | Found a sand-covered staircase.
  3628 | Ossuary  | Entered an ossuary
  3672 | Ossuary  | Reached skill level 6 in Axes
  3672 | Ossuary  | Gained mutation: You curl defensively after being hit.
                  | [Palentonga growth]
  3672 | Ossuary  | Reached XP level 7. HP: 22/63 MP: 7/7
  3927 | Ossuary  | Gained mutation: Your mind is acute. (Int +2) [potion of
                  | mutation]
  3927 | Ossuary  | Gained mutation: Your spells are a little harder to cast,
                  | but a little more powerful. [potion of mutation]
  3927 | Ossuary  | Gained mutation: Potions are less effective at restoring
                  | your health. [potion of mutation]
  3927 | Ossuary  | Gained mutation: You are covered in fur. (AC +1) [potion of
                  | mutation]
  5135 | D:6      | Reached XP level 8. HP: 71/71 MP: 8/8
  5138 | D:6      | Found a blossoming altar of Fedhas.
  5205 | D:6      | Found a staircase to the Ecumenical Temple.
  5215 | Temple   | Entered the Ecumenical Temple
  5256 | Temple   | Became a worshipper of Ashenzari the Shackled
  5330 | D:6      | Reached skill level 5 in Fighting
  5337 | D:6      | Reached skill level 7 in Axes
  5382 | D:6      | Found a burning altar of Makhleb.
  5635 | D:7      | Identified the +1 ring mail of the Stonemason {rPois rF++
                  | rCorr Dex+2}
  5913 | D:7      | Reached skill level 8 in Axes
  5920 | D:7      | Reached skill level 5 in Armour
  5923 | D:7      | Reached XP level 9. HP: 27/79 MP: 9/9
  6234 | D:7      | Found a sacrificial altar of Ru.
  6427 | D:7      | Reached skill level 1 in Spellcasting
  6488 | D:7      | Reached * piety under Ashenzari
  6571 | D:7      | Reached skill level 9 in Axes
  6740 | D:8      | Found a runed translucent gate.
  6740 | D:8      | Found a runed translucent gate.
  6742 | D:8      | Found a runed translucent gate.
  6744 | D:8      | Noticed ZZKoverts's ghost (novice GnWn)
  6744 | D:8      | Noticed Jaiteiro's ghost (novice MiFi)
  6825 | D:8      | Reached skill level 5 in Shields
  6955 | D:8      | Reached skill level 10 in Axes
  6955 | D:8      | Reached XP level 10. HP: 88/89 MP: 13/13
  6992 | D:8      | Found a basalt altar of Yredelemnul.
  7061 | D:8      | Found a hide-covered altar of Uskayaw.
  7154 | D:8      | Noticed a cyclops
  7166 | D:8      | Killed a cyclops
  8288 | D:8      | Killed ZZKoverts's ghost
  8289 | D:8      | Reached skill level 11 in Axes
  8310 | D:8      | Killed Jaiteiro's ghost
  8862 | D:9      | Reached XP level 11. HP: 72/98 MP: 14/16
  9005 | D:9      | Noticed Joseph
  9013 | D:9      | Killed Joseph
  9016 | D:9      | Found a staircase to the Lair.
  9079 | D:9      | Found a snail-covered altar of Cheibriados.
  9259 | D:9      | Reached ** piety under Ashenzari
  9309 | D:10     | Entered Level 10 of the Dungeon
  9331 | D:10     | Noticed a boulder beetle
  9334 | D:10     | Noticed an orc knight
  9369 | D:10     | Killed an orc knight
  9370 | D:10     | Reached skill level 12 in Axes
  9668 | D:10     | Found Kamm's Weapon Shoppe.
  9678 | D:10     | Found a staircase to the Orcish Mines.
  9682 | D:10     | Killed a boulder beetle
  9730 | D:10     | Lost mutation: Your mind is acute. (Int +2) [potion of
                  | mutation]
  9730 | D:10     | Lost mutation: Your spells are a little harder to cast, but
                  | a little more powerful. [potion of mutation]
  9730 | D:10     | Lost mutation: You are covered in fur. (AC +1) [potion of
                  | mutation]
  9730 | D:10     | Lost mutation: Potions are less effective at restoring your
                  | health. [potion of mutation]
  9730 | D:10     | Gained mutation: You tend to lose your temper in combat.
                  | [potion of mutation]
  9730 | D:10     | Gained mutation: Your tail ends in a poisonous barb.
                  | [potion of mutation]
  9730 | D:10     | Gained mutation: You can roll at foes to attack. [potion of
                  | mutation]
  9932 | D:10     | Found a portal to a secret trove of treasure.
 10043 | D:11     | Noticed Urug
 10070 | D:11     | Killed Urug
 10405 | D:11     | Lost mutation: You can roll at foes to attack. [potion of
                  | mutation]
 10405 | D:11     | Lost mutation: Your tail ends in a poisonous barb. [potion
                  | of mutation]
 10405 | D:11     | Gained mutation: Your spells are a little easier to cast,
                  | but a little less powerful. [potion of mutation]
 10405 | D:11     | Gained mutation: You can roll at foes to attack. [potion of
                  | mutation]
 10405 | D:11     | Gained mutation: You evolve. [potion of mutation]
 10532 | D:11     | Found a runed translucent gate.
 10532 | D:11     | Found a runed translucent gate.
 10532 | D:11     | Found a runed translucent gate.
 10534 | D:11     | Noticed wilfster70's ghost (novice GnIE)
 10534 | D:11     | Noticed groll's ghost (journeyman MiBe)
 10535 | D:11     | Noticed Darold's ghost (journeyman HOMo)
 10535 | D:11     | Noticed Domino's ghost (novice MiBe)
 10575 | D:11     | Noticed Psyche
 10583 | D:11     | Killed Psyche
 10601 | D:11     | Noticed an unseen horror
 10602 | D:11     | Noticed Erolcha
 10613 | D:11     | Killed Erolcha
 10614 | D:11     | Killed an unseen horror
 10742 | D:11     | Reached *** piety under Ashenzari
 10905 | D:11     | Noticed a two-headed ogre
 10911 | D:11     | Killed a two-headed ogre
 10912 | D:11     | Reached skill level 13 in Axes
 10912 | D:11     | Reached XP level 12. HP: 69/109 MP: 11/19
 11013 | D:11     | Lost mutation: You tend to lose your temper in combat.
                  | [evolution]
 11071 | D:11     | Killed Darold's ghost
 11088 | D:11     | Killed groll's ghost
 11096 | D:11     | Killed wilfster70's ghost
 11097 | D:11     | Reached skill level 5 in Spellcasting
 11124 | D:11     | Killed Domino's ghost
 11164 | D:12     | Noticed a two-headed ogre
 11176 | D:12     | Killed a two-headed ogre
 11676 | D:12     | Noticed a death knight
 11688 | D:12     | Killed a death knight
 11762 | D:12     | Reached skill level 14 in Axes
 12012 | D:12     | Found Gozag's Platinum Reserve.
 12017 | D:12     | Found an opulent altar of Gozag.
 12172 | Orc:1    | Entered Level 1 of the Orcish Mines
 12316 | Orc:1    | Noticed a two-headed ogre
 12322 | Orc:1    | Killed a two-headed ogre
 12323 | Orc:1    | Noticed Fannar
 12334 | Orc:1    | Killed Fannar
 12399 | Orc:1    | Gained mutation: Your mind is acute. (Int +2) [evolution]
 12438 | Orc:1    | Reached XP level 13. HP: 79/118 MP: 15/21
 12525 | Orc:1    | Noticed an orc warlord
 12534 | Orc:2    | Entered Level 2 of the Orcish Mines
 12691 | Orc:2    | Killed an orc warlord
 12721 | Orc:1    | Slain by an orc warrior

Illustrated notes

Levels and vault maps discovered:
D:1:      dpeg_arrival_radiant, layout_basic
D:2:      cheibrodos_old_hovel, layout_basic, vehumet_crystals
D:3:      layout_loops_corners, lemuel_coloured_pillars_altar,
          minmay_fractal_squares_diagonal_5
D:4:      layout_cave_pools, serial_shops, kennysheep_mini_moat, uniq_ijyb
D:5:      layout_gridville, enter_ossuary_4
D:6:      layout_basic, lightli_temple_of_fire, fedhas_altar_3,
          minmay_temple_entry_wispy
D:7:      layout_layer_cave, nicolae_ru_path_of_blood
D:8:      layout_loops_ring, lemuel_mausoleum_altar_yredelemnul,
          gammafunk_ghost_cemetery, basic_altar
D:9:      layout_roguey, general_overflow_altar, lair_entry_dummy, special_room
          [special_room_kobold], uniq_joseph
D:10:     layout_rooms, orc_david_3, enter_trove_0
D:11:     layout_long_grid, gammafunk_ghost_cemetery, uniq_erolcha, uniq_psyche,
          uniq_urug
D:12:     minmay_imperfect_grid, layout_rooms, nicolae_gozag_zags_fifth_avenue
Temple:   regret_index_temple_sphere_string
Orc:1:    layout_diamond_mine, minmay_orc_treasury, uniq_fannar
Orc:2:    grunt_orc_tribal_feast, layout_diamond_mine

Skill      XL: |  1  2  3  4  5  6  7  8  9 10 11 12 |
---------------+-------------------------------------+-----
Axes           | 3 4 6 8 10 11 13 14 | 14.4
Shields        | 3 4 5 6 7 |  7.4
Armour         | 3 4 5 6 7 8 |  8.5
Fighting       | 4 5 6 7 8 9 |  9.5
Spellcasting   | 2 3 4 5 |  5.9
Dodging        | |  0.5
Evocations     | |  0.1

Action                   |  1- 3 |  4- 6 |  7- 9 | 10-12 | 13-15 || total
-------------------------+-------+-------+-------+-------+-------++-------
Melee: War axe           |   116 |   130 |   228 |   620 |    44 ||  1138
       Tailslap          |    17 |    19 |    27 |   110 |     7 ||   180
Invok: Curse Item        |       |       |     4 |     3 |       ||     7
 Abil: Rolling Charge    |    25 |    42 |    55 |    93 |     2 ||   217
Evoke: Wand              |       |     2 |       |       |       ||     2
  Use: Scroll            |     3 |     7 |    10 |    11 |     1 ||    32
       Potion            |       |     2 |     1 |     4 |       ||     7
Armor: Scale mail        |    48 |       |       |       |       ||    48
       Plate armour      |    25 |    76 |   132 |   202 |    27 ||   462
Dodge: Dodged            |    16 |    15 |    23 |    47 |     9 ||   110
Block: Kite shield       |    57 |    50 |    94 |   231 |    27 ||   459
